 Dungeon Crawl Stone Soup version 0.19.5 (webtiles) character file.

53 LORDOFBUTT the Sneak (level 3, 0/21 HPs)
             Began as an Octopode Enchanter on Mar 21, 2017.
             Slain by a kobold
             ... wielding a +0 dagger
              (5 damage)
             ... on level 2 of the Dungeon.
             The game lasted 00:01:16 (1859 turns).

LORDOFBUTT the Sneak (Octopode Enchanter)           Turns: 1859, Time: 00:01:16

Health: 0/21       AC:  1    Str:  7    XL:     3   Next: 89%
Magic:  6/6        EV: 14    Int: 17    God:
Gold:   53         SH:  0    Dex: 13    Spells: 1 memorised, 5 levels left

rFire  . . .     SeeInvis .     a - +1 dagger
rCold  + . .     Gourm    .     (no shield)
rNeg   . . .     Faith    .     (helmet restricted)
rPois  .         Spirit   .     (no amulet)
rElec  .         Reflect  .     n - ring of protection from cold
rCorr  .         Harm     .     (no ring)
MR     .....                    (no ring)
Stlth  ++++......               (no ring)
                                (no ring)
                                (no ring)
                                (no ring)
                                (no ring)

@: lethally poisoned (0 -> -9)
A: almost no armour, stealthy swim, amphibious, 8 rings, constrict 8, camouflage
1, gelatinous body 1
a: no special abilities


You were on level 2 of the Dungeon.
You were not hungry.

You visited 1 branch of the dungeon, and saw 2 of its levels.

You collected 53 gold pieces.

Inventory:

Hand Weapons
 a - a +1 dagger (weapon)
Jewellery
 n - a ring of protection from cold (left tentacle)
 p - an uncursed amulet of regeneration {unknown}
Scrolls
 i - a scroll of blinking {unknown}
 j - a scroll of remove curse {unknown}
 k - a scroll of amnesia {unknown}
 l - 2 scrolls of magic mapping {unknown}
 m - a scroll of noise {unknown}
 o - 2 scrolls of enchant armour {unknown}
Potions
 e - a potion of magic {unknown}
 f - a potion of brilliance {unknown}
 g - a potion of cancellation {unknown}
 h - 2 potions of lignification {unknown}
 q - a potion of agility {unknown}
Books
 b - a book of Maledictions

   Spells                             Type                      Level
   a - Corona                         Hexes                        1
   b - Ensorcelled Hibernation        Hexes/Ice                    2
   c - Confuse                        Hexes                        3
   d - Tukima's Dance                 Hexes                        3
   e - Dazzling Spray                 Conjuration/Hexes            3
Comestibles
 c - a bread ration
 d - a meat ration


   Skills:
 + Level 1.7 Short Blades
 + Level 2.7 Dodging
 + Level 4.2 Stealth
 + Level 2.4 Spellcasting
 + Level 3.4 Hexes


You had 5 spell levels left.
You knew the following spells:

 Your Spells              Type           Power        Failure   Level  Hunger
a - Corona                Hex            ##.....      4%          1    #......


Dungeon Overview and Level Annotations

Branches:
Dungeon (2/15)

Altars:


Innate Abilities, Weirdness & Mutations

You cannot wear most types of armour.
You are very stealthy in the water. (Stealth+)
You are amphibious.
You can wear up to eight rings at the same time.
You can use your tentacles to constrict eight enemies at once.
Your skin changes colour to match your surroundings (Stealth+).
Your rubbery body absorbs attacks. (AC +1, EV +1)


Message History

Your grab misses the adder.
The hobgoblin shouts!
The adder bites you.
You are poisoned.
The adder poisons you!
You hit the adder. You grab the adder. Your squeeze misses the adder.
The adder is lightly wounded.
You constrict the adder.
You feel sick. The adder closely misses you. The kobold completely misses you.
You hit the adder but do no damage.
The adder is lightly wounded.
You constrict the adder. The adder bites you. x2
You are lethally poisoned!
The adder poisons you! The kobold closely misses you.
You hit the adder. You squeeze the adder!
You kill the adder!
You feel sick. The hobgoblin hits you with a club.
* * * LOW HITPOINT WARNING * * *
The kobold hits you with a dagger.
You die...

#......
.......
.......
.......
♣......#####
#......#...
#.....g..#
#)[?..K@.##
#......#..## #
#########..##
.# ##..##..#
##.....#
##.<....# .# .
###..####.# ..
.
####...#####.#
.## .###
#.............
..


You could see a hobgoblin and a kobold.

Vanquished Creatures
  An adder (D:2)
  A worm (D:2)
  A dart slug (D:1)
  A leopard gecko (D:1)
  5 bats (D:1)
  A giant cockroach (D:1)
  6 goblins
  4 hobgoblins (D:1)
  5 jackals (D:1)
  5 kobolds (D:1)
  A quokka (D:2)
  A frilled lizard (D:1)
  3 rats (D:1)
35 creatures vanquished.

Notes
Turn   | Place    | Note
-------+----------+-------------------------------------------
     0 | D:1      | LORDOFBUTT the Octopode Enchanter began the quest for the Orb.
     0 | D:1      | Reached XP level 1. HP: 11/11 MP: 3/3
   239 | D:1      | Reached XP level 2. HP: 4/17 MP: 5/5
  1058 | D:1      | Reached XP level 3. HP: 20/21 MP: 6/6
  1859 | D:2      | Slain by a kobold

Action                   || total
-------------------------++-------
Melee: Dagger            ||    80
       Constrict         ||    12
       Tentacles         ||     4
 Stab: Sleeping          ||    15
  Eat: Fruit             ||     3
       Chunk             ||     2
Armor: Skin              ||    10
Dodge: Dodged            ||    41
